 Dungeon Crawl Stone Soup version 0.31.0-32-g396128a36d (webtiles) character file.

Game seed: 11245748854897599436

236 Ijustatesigmund the Conjurer (level 6, -2/41 HPs)
             Began as an Octopode Conjurer on Mar 21, 2024.
             Slain by a goblin
             ... wielding a +2 dagger of holy wrath
             ... led by Robin
              (7 damage)
             ... on level 3 of the Dungeon.
             The game lasted 00:05:04 (2061 turns).

Ijustatesigmund the Conjurer (Octopode Conjurer)    Turns: 2061, Time: 00:05:05

Health: -2/41      AC:  1    Str:  6    XL:     6   Next: 6%
Magic:  7/11       EV: 13    Int: 23    God:
Gold:   97         SH:  0    Dex: 10    Spells: 4/11 levels left

rFire   . . .        g - +0 war axe (vamp)
rCold   . . .        (no shield)
rNeg    . . .        (helmet restricted)
rPois   .            (no amulet)
rElec   .            (no ring)
rCorr   .            (no ring)
SInv    .            (no ring)
Will    .....        (no ring)
Stlth   +++          (no ring)
HPRegen 0.26/turn    (no ring)
MPRegen 0.12/turn    (no ring)
                     (no ring)

%: no passive effects
@: very slightly contaminated
A: almost no armour, amphibious, 8 rings, camouflage 1, gelatinous body 1,
(nimble swimmer 1), tentacles
a: no special abilities


You were on level 3 of the Dungeon.
You visited 1 branch of the dungeon, and saw 3 of its levels.

You collected 97 gold pieces.

Inventory:

Hand Weapons
 g - a +0 vampiric war axe (weapon)
Scrolls
 b - a scroll of summoning {unknown}
 d - a scroll of immolation
 e - a scroll of poison {unknown}
 f - 4 scrolls of teleportation {unknown}
Potions
 a - a potion of magic
 c - a potion of cancellation {unknown}
 h - a potion of ambrosia {unknown}


   Skills:
 + Level 2.7 Fighting
 - Level 2.0 Axes
 - Level 2.0 Dodging
 - Level 2.6 Stealth
 + Level 3.3 Spellcasting
 - Level 5.0 Conjurations
 + Level 0.4 Translocations


You had 4 spell levels left.
You knew the following spells:

 Your Spells              Type           Power      Damage    Failure   Level
a - Magic Dart            Conj           100%       1d8       1%          1
b - Searing Ray           Conj           52%        2d6       2%          2
c - Iskenderun's Mystic   Conj/Tloc      16%        2d5       36%         4

Your spell library contained the following spells:

 Spells                   Type           Power      Damage    Failure   Level
 Sting                    Conj/Alch      60%        1d6       4%          1
 Mercury Vapours          Alch/Air       6%         N/A       17%         2
 Fulminant Prism          Conj/Alch      7%         3d7       36%         4
 Olgreb's Toxic Radiance  Alch           3%         N/A       73%         4


Dungeon Overview and Level Annotations

Branches:
Dungeon (3/15)

Altars:

Annotations:
D:3 Robin


Innate Abilities, Weirdness & Mutations

You cannot wear most types of armour.
You are amphibious.
You can wear up to eight rings at the same time.
Your skin changes colour to match your surroundings (Stealth+).
Your rubbery body absorbs attacks. (AC +1, EV +1)
((You are camouflaged when in or above water. (Stealth+)))
You have tentacles for arms and can constrict up to eight enemies at once.


Message History

You kill the goblin!
You closely miss the goblin. You hit the hobgoblin but do no damage.
You closely miss the goblin. The hobgoblin barely misses you.
The goblin hits you with a +0 club.
Robin says, "A pitiful Octopus like you will never find the ORB!"
The goblin hits you with a +0 dagger.
A goblin comes into view. It is wielding a +0 dagger.
The goblin closely misses you. The goblin hits you but does no damage.
The hobgoblin barely misses you. Robin throws the goblin at you!
The goblin barely misses you.
You closely miss the hobgoblin. Your grab misses the hobgoblin.
Your squeeze misses the hobgoblin. You hit the goblin.
You kill the goblin!
You barely miss the goblin. x2; You hit the goblin but do no damage.
The bat hits you but does no damage. The goblin hits you with a +0 club.
The hobgoblin barely misses you. The goblin misses you.
The goblin hits you with a +0 dagger.
Casting: Iskenderun's Mystic Blast (extremely dangerous; 36% risk of failure)
Confirm with . or Enter, or press ? or * to list all spells.
You miscast Iskenderun's Mystic Blast.
You are very lightly contaminated with residual magic.
Nothing appears to happen.
The bat hits you. The hobgoblin barely misses you.
The goblin barely misses you. The goblin hits you but does no damage.
Robin throws the goblin at you! The goblin barely misses you.
The bat closely misses you.
Unknown command.
As you read the scroll labelled TINEMPI VOPOOL, it crumbles to dust.
The creatures around you are filled with an inner flame!
It was a scroll of immolation.
The bat barely misses you.
The goblin hits you with a +2 dagger of holy wrath.
The goblin barely misses you. The hobgoblin hits you.
* * * LOW HITPOINT WARNING * * *
The goblin closely misses you. The goblin hits you with a +0 dagger.
* * * LOW HITPOINT WARNING * * *
As you read the scroll labelled BIHEGG FAD JUY, it crumbles to dust.
It is a scroll of brand weapon.
Your +0 war axe thirsts for the lives of mortals!
g - a +0 vampiric war axe (weapon)
The goblin hits you with a +2 dagger of holy wrath!
You die...

.###.#...#.......
..#..............
................#
#.......$........
#...............#
...............##
##..............
#.#..g†g.......
#..###g@#####...
# #g)g# ##.
#ggb.. .g......
...........
............
####.........
#.....>...


You could see Robin (inner flame), 2 hobgoblins, 5 goblins and a bat (inner
flame).

Vanquished Creatures
  Sigmund (D:2)
  An adder (D:2)
  A dart slug (D:1)
  An orc (D:3)
  4 ball pythons (D:2)
  5 endoplasms
  10 goblins
  7 hobgoblins
  11 jackals
  A quokka (D:2)
  4 bats
  5 frilled lizards
  4 kobolds
  5 rats
60 creatures vanquished.

Notes
Turn   | Place    | Note
-------+----------+-------------------------------------------
     0 | D:1      | Ijustatesigmund the Octopode Conjurer began the quest for
                  | the Orb.
     0 | D:1      | Reached XP level 1. HP: 11/11 MP: 3/3
   182 | D:1      | Reached XP level 2. HP: 18/18 MP: 1/5
   299 | D:1      | Reached skill level 1 in Fighting
   422 | D:1      | Learned a level 2 spell: Searing Ray
   497 | D:1      | Reached XP level 3. HP: 23/23 MP: 3/6
   783 | D:1      | Found a faded altar of an unknown god.
  1212 | D:2      | Noticed Sigmund
  1236 | D:2      | Killed Sigmund
  1237 | D:2      | Reached skill level 1 in Axes
  1237 | D:2      | Reached XP level 4. HP: 22/30 MP: 1/8
  1237 | D:2      | Reached XP level 5. HP: 26/35 MP: 1/9
  1337 | D:2      | Learned a level 4 spell: Iskenderun's Mystic Blast
  1805 | D:3      | Reached XP level 6. HP: 36/41 MP: 9/11
  1815 | D:3      | Reached skill level 5 in Conjurations
  2053 | D:3      | Noticed Robin
  2061 | D:3      | Slain by a goblin

Illustrated notes

Levels and vault maps discovered:
D:1:      nicolae_arrival_memento_mori, layout_rooms,
          dreamdust_ecumenical_altar_statues
D:2:      layout_basic, uniq_sigmund
D:3:      layout_rooms, kennysheep_potato, uniq_robin

Skill      XL: |  1  2  3  4  5  6 |
---------------+-------------------+-----
Fighting       | 1 2 |  2.7
Axes           | 1 2 |  2.0
Spellcasting   | 3 |  3.3
Conjurations   | 5 |  5.0
Dodging        | |  2.0
Stealth        | |  2.6
Translocations | |  0.4

Action                     |  1- 3 |  4- 6 || total
---------------------------+-------+-------++-------
  Melee: Unarmed           |    23 |       ||    23
         Tentacles         |     7 |    10 ||    17
         Constrict         |     6 |    10 ||    16
         War axe           |     5 |    50 ||    55
   Cast: Magic Dart        |    38 |       ||    38
         Searing Ray       |     1 |       ||     1
    Use: Potion            |     3 |       ||     3
         Scroll            |       |     2 ||     2
   Stab: Sleeping          |     1 |     6 ||     7
 Armour: Skin              |    13 |    35 ||    48
  Dodge: Dodged            |    23 |    55 ||    78
